 Dungeon Crawl Stone Soup version 0.30.1-11-g7821555f0a (webtiles) character file.

Game seed: 9364315669965812446

106 Okkudo the Chopper (level 4, -4/39 HPs)
             Began as a Hill Orc Monk on Dec 10, 2023.
             Killed from afar by an orc wizard (7 damage)
             ... with a magic dart
             ... on level 4 of the Dungeon.
             The game lasted 00:05:01 (1910 turns).

Okkudo the Chopper (Hill Orc Monk)                  Turns: 1910, Time: 00:05:02

Health: -4/39      AC:  7    Str: 15    XL:     4   Next: 84%
Magic:  4/4        EV: 11    Int: 10    God:
Gold:   123        SH:  0    Dex: 13    Spells: 3/3 levels left

rFire   . . .        a - +0 hand axe
rCold   . . .        d - orb {light}
rNeg    . . .        m - +0 ring mail
rPois   .            (no helmet)
rElec   .            k - +0 cloak
rCorr   .            (no gloves)
SInv    .            n - +0 pair of boots
Will    .....        (no amulet) Stlth
                     (no ring)
HPRegen 0.26/turn    (no ring)
MPRegen 0.09/turn

%: no passive effects
@: confused, lethally poisoned (-4 -> -18), ambrosia-drunk, glowing
A: no striking features
a: no special abilities


You were on level 4 of the Dungeon.
You visited 1 branch of the dungeon, and saw 4 of its levels.

You collected 123 gold pieces.

Inventory:

Hand Weapons
 a - a +0 hand axe (weapon)
Missiles
 e - 3 poisoned darts (quivered)
Armour
 d - an orb of light (worn)
 k - a +0 cloak (worn)
 m - a +0 ring mail (worn)
 n - a +0 pair of boots (worn)
Scrolls
 b - a scroll of enchant weapon {unknown}
 f - 2 scrolls of identify {unknown}
 j - a scroll of poison {unknown}
 l - a scroll of immolation {unknown}
Potions
 g - a potion of degeneration {unknown}
 h - 2 potions of cancellation {unknown}
 i - 2 potions of curing {unknown}


   Skills:
 - Level 3.6 Fighting
 * Level 7.1 Axes
 - Level 2.4 Dodging


You had 3 spell levels left.
You didn't know any spells.
Your spell library was empty.

Dungeon Overview and Level Annotations

Branches:
Dungeon (3/15)

Altars:


Message History

You hit the orc wizard but do no damage.
The orc wizard is moderately wounded.
You feel very sick. The orc wizard barely misses you.
You hit the orc wizard.
The orc wizard is heavily wounded.
You feel sick.
The orc wizard hits you with a +2 dagger of venom.
You are lethally poisoned!
You hit the orc wizard but do no damage.
The orc wizard is heavily wounded.
You feel very sick. The orc wizard misses you.
You barely miss the orc wizard.
The orc wizard is heavily wounded.
* * * LOW HITPOINT WARNING * * *
You feel very sick. The orc wizard barely misses you.
You closely miss the orc wizard.
The orc wizard is heavily wounded.
* * * LOW HITPOINT WARNING * * *
You feel sick. The orc wizard misses you.
You hit the orc wizard.
The orc wizard is severely wounded.
* * * LOW HITPOINT WARNING * * *
You feel very sick.
The orc wizard hits you with a +2 dagger of venom.
* * * LOW HITPOINT WARNING * * *
You are more poisoned.
You are confused.
You feel invigorated.
* * * LOW HITPOINT WARNING * * *
You feel very sick.
The orc wizard hits you but does no damage.
You are more poisoned.
* * * LOW HITPOINT WARNING * * *
You feel very sick. The orc wizard casts a spell at you.
The magic dart hits you!
You die...

### ###### #####.#
.....### ###.....#
...##..###########.....###
..####.........)o....###
### ##.........@....###
#..#########...).### #..#
###.....### #..#
###.....### #..#
###.....### #..#
###.....## #... ###.....
###... ###.


You could see an orc wizard (invisible).

Vanquished Creatures
  A hound (D:4)
  2 adders (D:2)
  A worm (D:2)
  A dart slug (D:2)
  3 orcs
  3 bats
  3 endoplasms
  3 giant cockroaches
  6 goblins
  3 hobgoblins (D:1)
  2 jackals (D:2)
  4 kobolds (D:1)
  4 quokkas (D:1)
  3 ball pythons
  2 rats
41 creatures vanquished.

Notes
Turn   | Place    | Note
-------+----------+-------------------------------------------
     0 | D:1      | Okkudo the Hill Orc Monk began the quest for the Orb.
     0 | D:1      | Reached XP level 1. HP: 19/19 MP: 1/1
   421 | D:1      | Reached XP level 2. HP: 26/26 MP: 2/2
   506 | D:1      | Reached skill level 5 in Axes
   857 | D:1      | Reached XP level 3. HP: 25/31 MP: 3/3
  1445 | D:2      | Reached skill level 6 in Axes
  1650 | D:2      | Reached XP level 4. HP: 34/39 MP: 4/4
  1805 | D:3      | You fall into a shaft and drop 1 floor!
  1901 | D:4      | Reached skill level 7 in Axes
  1910 | D:4      | Killed from afar by an orc wizard

Illustrated notes

Levels and vault maps discovered:
D:1:      sevenhm_arrival_forest_fort_small_5, layout_loops_corners,
          dreamdust_mushroom_princess
D:2:      layout_basic
D:3:      layout_rooms, chequers_ecumenical_altar_simple_redux,
          bh_walls_and_bars
D:4:      layout_cave_pods, minmay_temple_entry_from_below_a, serial_shops,
          nicolae_shop_window_shopping, gammafunk_ghost_stat_death, uniq_edmund

Skill      XL: |  1  2  3  4 |
---------------+-------------+-----
Axes           | 5 6 7 |  7.1
Fighting       | |  3.6
Dodging        | |  2.4

Action                     |  1- 3 |  4- 6 || total
---------------------------+-------+-------++-------
  Melee: Hand axe          |   132 |    28 ||   160
    Use: Potion            |       |     1 ||     1
 Armour: Robe              |     7 |       ||     7
         Leather armour    |    21 |       ||    21
         Ring mail         |     6 |    24 ||    30
  Dodge: Dodged            |    69 |    38 ||   107
